AoeStats
← GRIFOLYON

Arena

510939615Analyzed
2v2 RM · 17h ago on Oct 3, 2026· 54m 11s· 4 players
Game mode
Random Map
Map size
Medium (4 player)
Population
200
Speed
Normal
Resources
Standard
Victory
Conquest
Starting age
Dark Age
Ending age
Imperial Age
RankedLock teamsTeams togetherTeam positionsShared explorationLock speedFull tech treeHidden civsTurbo modeCheats
Victory
Defeat
🇦🇺 Teutons · Australia
801
+18
🇧🇷 Italians · Brazil
785
+18
🇺🇸 Saracens · United States
902
-21
🇲🇽 Byzantines · Mexico
764
-15
Venom8066
9:26 Feudal Age
16:16 Castle Age
15:11 Double-Bit Axe
15:12 Horse Collar
16:04 Stone Mining
22:25 Gold Mining
25:15 Gambesons
25:44 Pikeman
29:13 Ironclad
31:57 Imperial Age
30:54 Bow Saw
30:45 Heavy Plow
31:49 Wheelbarrow
31:01 Town Watch
33:06 Hand Cart
35:09 Crop Rotation
35:41 Two-Man Saw
35:20 Bloodlines
36:31 Stone Shaft Mining
35:34 Cavalier
36:46 Onager
36:52 Halberdier
37:33 Squires
39:03 Conscription
40:10 Chemistry
39:31 Ballistics
39:22 Fortified Wall
39:22 Fletching
39:42 Forging
39:32 Scale Mail Armor
39:40 Scale Barding Armor
39:19 Capped Ram
40:48 Town Patrol
42:07 Paladin
42:58 Bodkin Arrow
43:39 Iron Casting
46:06 Crenellations
46:52 Blast Furnace
46:08 Chain Mail Armor
51:08 Siege Onager
53:19 Plate Mail Armor
53:10 Chain Barding Armor
AnitaPanda12
11:15 Feudal Age
15:41 Castle Age
25:01 Fletching
26:36 Horse Collar
26:43 Double-Bit Axe
26:50 Gold Mining
26:51 Stone Mining
27:48 Bodkin Arrow
30:37 Stone Shaft Mining
33:36 Imperial Age
31:43 Wheelbarrow
32:06 Padded Archer Armor
35:27 Chemistry
37:36 Hand Cart
37:49 Bow Saw
37:54 Bracer
37:24 Crossbowman
39:47 Two-Man Saw
38:50 Heavy Plow
39:11 Leather Archer Armor
38:19 Arbalester
39:05 Thumb Ring
41:38 Ring Archer Armor
41:33 Ballistics
42:46 Murder Holes
GabrielLeal16
11:49 Feudal Age
16:52 Castle Age
15:06 Double-Bit Axe
15:09 Horse Collar
16:04 Stone Mining
18:17 Wheelbarrow
19:17 Fletching
21:37 Heavy Plow
25:09 Murder Holes
25:36 Ballistics
26:50 Hand Cart
26:23 Loom
26:27 Town Watch
29:19 Padded Archer Armor
29:15 Bodkin Arrow
31:25 Bloodlines
31:16 Husbandry
34:11 Bimaristan
33:26 Light Cavalry
35:07 Leather Archer Armor
35:04 Forging
36:29 Bow Saw
37:40 Caravan
38:38 Town Patrol
38:41 Gold Mining
42:31 Imperial Age
43:54 Iron Casting
43:25 Scale Barding Armor
44:35 Chemistry
43:49 Elite Mameluke
45:42 Heavy Camel Rider
GRIFOLYON
11:41 Feudal Age
12:08 Double-Bit Axe
19:09 Castle Age
20:04 Bow Saw
19:37 Horse Collar
21:48 Forging
21:13 Elite Skirmisher
24:37 Gold Mining
24:38 Stone Mining
31:26 Imperial Age
34:32 Scale Barding Armor
35:43 Chemistry
37:48 Heavy Plow
41:27 Gold Shaft Mining
41:27 Stone Shaft Mining
47:50 Elite Cataphract
Connection lost

Rejoining the realm…

Still unreachable

The connection could not be restored.

Session expired

The server has moved on; the page needs a fresh start.